Workbook

Sheet Cuadro de Precios
A1: 385 | F1: cuadro de precios - 032089 CASA DE JUNTAS AVELLANEDA(SIN PRECIOS) v01.bc3 | G1: % c.i.=
A2: 2 | G2: 0
A3: FILA | B3: CAT | C3: TIPO | D3: CODIGO | E3: UD | F3: DESCRIPCION CORTA | G3: PRECIO | H3: PRECIO | I3: PRECIO BC3 | J3: DESCRIPCION LARGA
A4: 4 | F4: PRECIOS BASICOS | J4: No tienen descomposición, no son componentes de otro precio y son partidas del presupuesto
A5: 5 | B5: B | C5: 0 | D5: CC baldosa | E5: u | F5: Ensayos Baldosas | G5: 0 | H5: =G5*(1+(G2/100)) -> 0 | I5: =0*(1+(G2/100)) -> 0
A6: 6 | B6: B | C6: 0 | D6: CC bitu | E6: u | F6: Ensayos Laminas bituminosas | G6: 0 | H6: =G6*(1+(G2/100)) -> 0 | I6: =0*(1+(G2/100)) -> 0
A7: 7 | B7: B | C7: 0 | D7: CC mortero | E7: u | F7: Ensayos Mortero cal y Piedra natural | G7: 0 | H7: =G7*(1+(G2/100)) -> 0 | I7: =0*(1+(G2/100)) -> 0
A8: 8 | B8: B | C8: 0 | D8: E26FHW010 | E8: ud | F8: DESMONTADO Y REPOSICIÓN DE INSTALACIONES EN SALA DE EXPOSICIONES | G8: 0 | H8: =G8*(1+(G2/100)) -> 0 | I8: =0*(1+(G2/100)) -> 0 | J8: Levantado y posterior reposición de instalaciones en en salas de exposiciones, formado por: desmontado de mecanismos, instalación, señaletica y detectores, acopio para su posterior reposición, colocación de los elementos después de la actuación de reparación, comprobación de funcionamiento y puesta en marcha del sistema. Elementos afectados: pulsadores de alarma, luminarias de emergencia, sensores, carteles de señalización, detectores de alarma, mecansmos eléctricos, altavoces de techo. Partida alzada a justificar.
A9: 9 | B9: B | C9: 0 | D9: E28BA020 | E9: m | F9: Acometida eléctrica a caseta | G9: 0 | H9: =G9*(1+(G2/100)) -> 0 | I9: =0*(1+(G2/100)) -> 0
A10: 10 | B10: B | C10: 0 | D10: E28BA030 | E10: ud | F10: Acometida provisional de fontanería a caseta | G10: 0 | H10: =G10*(1+(G2/100)) -> 0 | I10: =0*(1+(G2/100)) -> 0
A11: 11 | B11: B | C11: 0 | D11: E28BA040 | E11: ud | F11: Acometida provisional de saneamiento a caseta | G11: 0 | H11: =G11*(1+(G2/100)) -> 0 | I11: =0*(1+(G2/100)) -> 0
A12: 12 | B12: B | C12: 0 | D12: E28BA050 | E12: ud | F12: Acometida provisional de teléfono a caseta | G12: 0 | H12: =G12*(1+(G2/100)) -> 0 | I12: =0*(1+(G2/100)) -> 0
A13: 13 | B13: B | C13: 0 | D13: E28BC066_01 | E13: mes | F13: Caseta para vestuario en alquiler (8-10 m2) | G13: 0 | H13: =G13*(1+(G2/100)) -> 0 | I13: =0*(1+(G2/100)) -> 0
A14: 14 | B14: B | C14: 0 | D14: E28BC080 | E14: mes | F14: Caseta para aseo en alquiler (12-15 m2) | G14: 0 | H14: =G14*(1+(G2/100)) -> 0 | I14: =0*(1+(G2/100)) -> 0
A15: 15 | B15: B | C15: 0 | D15: E28BC130 | E15: mes | F15: Caseta para almacén en alquiler (12-15 m2) | G15: 0 | H15: =G15*(1+(G2/100)) -> 0 | I15: =0*(1+(G2/100)) -> 0
A16: 16 | B16: B | C16: 0 | D16: E28BC160 | E16: mes | F16: Caseta para oficina en alquiler (12-15 m2) | G16: 0 | H16: =G16*(1+(G2/100)) -> 0 | I16: =0*(1+(G2/100)) -> 0
A17: 17 | B17: B | C17: 0 | D17: E28BC200 | E17: mes | F17: Alquiler caseta comedor (20 m2) | G17: 0 | H17: =G17*(1+(G2/100)) -> 0 | I17: =0*(1+(G2/100)) -> 0
A18: 18 | B18: B | C18: 0 | D18: E28BM010 | E18: ud | F18: Percha para aseo | G18: 0 | H18: =G18*(1+(G2/100)) -> 0 | I18: =0*(1+(G2/100)) -> 0
A19: 19 | B19: B | C19: 0 | D19: E28BM020 | E19: ud | F19: Portarrollos industrial | G19: 0 | H19: =G19*(1+(G2/100)) -> 0 | I19: =0*(1+(G2/100)) -> 0
A20: 20 | B20: B | C20: 0 | D20: E28BM030 | E20: ud | F20: Espejo vestuarios y aseos | G20: 0 | H20: =G20*(1+(G2/100)) -> 0 | I20: =0*(1+(G2/100)) -> 0
A21: 21 | B21: B | C21: 0 | D21: E28BM040 | E21: ud | F21: Jabonera industrial | G21: 0 | H21: =G21*(1+(G2/100)) -> 0 | I21: =0*(1+(G2/100)) -> 0
A22: 22 | B22: B | C22: 0 | D22: E28BM045 | E22: ud | F22: Dispensador de papel toalla | G22: 0 | H22: =G22*(1+(G2/100)) -> 0 | I22: =0*(1+(G2/100)) -> 0
A23: 23 | B23: B | C23: 0 | D23: E28BM050 | E23: ud | F23: Secamanos eléctrico | G23: 0 | H23: =G23*(1+(G2/100)) -> 0 | I23: =0*(1+(G2/100)) -> 0
A24: 24 | B24: B | C24: 0 | D24: E28BM060 | E24: ud | F24: Horno microondas | G24: 0 | H24: =G24*(1+(G2/100)) -> 0 | I24: =0*(1+(G2/100)) -> 0
A25: 25 | B25: B | C25: 0 | D25: E28BM070 | E25: ud | F25: Taquilla metálica individual | G25: 0 | H25: =G25*(1+(G2/100)) -> 0 | I25: =0*(1+(G2/100)) -> 0
A26: 26 | B26: B | C26: 0 | D26: E28BM080 | E26: ud | F26: Mesa para 10 personas | G26: 0 | H26: =G26*(1+(G2/100)) -> 0 | I26: =0*(1+(G2/100)) -> 0
A27: 27 | B27: B | C27: 0 | D27: E28BM090 | E27: ud | F27: Banco madera para 5 personas | G27: 0 | H27: =G27*(1+(G2/100)) -> 0 | I27: =0*(1+(G2/100)) -> 0
A28: 28 | B28: B | C28: 0 | D28: E28BM100 | E28: ud | F28: Cubo de basuras | G28: 0 | H28: =G28*(1+(G2/100)) -> 0 | I28: =0*(1+(G2/100)) -> 0
A29: 29 | B29: B | C29: 0 | D29: E28BM110 | E29: ud | F29: Botiquín de urgencia, colocado | G29: 0 | H29: =G29*(1+(G2/100)) -> 0 | I29: =0*(1+(G2/100)) -> 0
A30: 30 | B30: B | C30: 0 | D30: E28BM120 | E30: ud | F30: Reposición de material de botiquín de urgencia | G30: 0 | H30: =G30*(1+(G2/100)) -> 0 | I30: =0*(1+(G2/100)) -> 0
A31: 31 | B31: B | C31: 0 | D31: E28BM150 | E31: ud | F31: Convector eléctrico de pared 1000 W | G31: 0 | H31: =G31*(1+(G2/100)) -> 0 | I31: =0*(1+(G2/100)) -> 0
A32: 32 | B32: B | C32: 0 | D32: E28ES080 | E32: ud | F32: Placa de señalización de riesgo | G32: 0 | H32: =G32*(1+(G2/100)) -> 0 | I32: =0*(1+(G2/100)) -> 0
A33: 33 | B33: B | C33: 0 | D33: E28PB070 | E33: m | F33: Barandilla de protección de escaleras | G33: 0 | H33: =G33*(1+(G2/100)) -> 0 | I33: =0*(1+(G2/100)) -> 0
A34: 34 | B34: B | C34: 0 | D34: E28PB180 | E34: ud | F34: Valla portátil | G34: 0 | H34: =G34*(1+(G2/100)) -> 0 | I34: =0*(1+(G2/100)) -> 0
A35: 35 | B35: B | C35: 0 | D35: E28PE010 | E35: ud | F35: Lámpara portátil de mano | G35: 0 | H35: =G35*(1+(G2/100)) -> 0 | I35: =0*(1+(G2/100)) -> 0
A36: 36 | B36: B | C36: 0 | D36: E28PE020 | E36: ud | F36: Toma de tierra | G36: 0 | H36: =G36*(1+(G2/100)) -> 0 | I36: =0*(1+(G2/100)) -> 0
A37: 37 | B37: B | C37: 0 | D37: E28PE040 | E37: ud | F37: Transformador | G37: 0 | H37: =G37*(1+(G2/100)) -> 0 | I37: =0*(1+(G2/100)) -> 0
A38: 38 | B38: B | C38: 0 | D38: E28PE120 | E38: ud | F38: Cuadro eléctrico secundario de 20 kW potencia máxima | G38: 0 | H38: =G38*(1+(G2/100)) -> 0 | I38: =0*(1+(G2/100)) -> 0
A39: 39 | B39: B | C39: 0 | D39: E28PE140 | E39: ud | F39: Cuadro de obra trifásico 63 A | G39: 0 | H39: =G39*(1+(G2/100)) -> 0 | I39: =0*(1+(G2/100)) -> 0
A40: 40 | B40: B | C40: 0 | D40: E28PF020 | E40: ud | F40: Extintor portátil | G40: 0 | H40: =G40*(1+(G2/100)) -> 0 | I40: =0*(1+(G2/100)) -> 0
A41: 41 | B41: B | C41: 0 | D41: E28PH050 | E41: m2 | F41: Mallazo | G41: 0 | H41: =G41*(1+(G2/100)) -> 0 | I41: =0*(1+(G2/100)) -> 0
A42: 42 | B42: B | C42: 0 | D42: E28RA010 | E42: ud | F42: EPI: Casco protector contra riesgo mecánico | G42: 0 | H42: =G42*(1+(G2/100)) -> 0 | I42: =0*(1+(G2/100)) -> 0
A43: 43 | B43: B | C43: 0 | D43: E28RA030 | E43: ud | F43: EPI: Casco protector contra la electricidad | G43: 0 | H43: =G43*(1+(G2/100)) -> 0 | I43: =0*(1+(G2/100)) -> 0
A44: 44 | B44: B | C44: 0 | D44: E28RA070 | E44: ud | F44: EPI: Gafas de protección contra riesgo mecánico | G44: 0 | H44: =G44*(1+(G2/100)) -> 0 | I44: =0*(1+(G2/100)) -> 0
A45: 45 | B45: B | C45: 0 | D45: E28RA090 | E45: ud | F45: EPI: Gafas de protección contra el polvo | G45: 0 | H45: =G45*(1+(G2/100)) -> 0 | I45: =0*(1+(G2/100)) -> 0
A46: 46 | B46: B | C46: 0 | D46: E28RA100 | E46: ud | F46: EPI: Mascarilla autofiltrante contra el polvo | G46: 0 | H46: =G46*(1+(G2/100)) -> 0 | I46: =0*(1+(G2/100)) -> 0
A47: 47 | B47: B | C47: 0 | D47: E28RA110 | E47: ud | F47: EPI: Filtro para recambio de mascarillas | G47: 0 | H47: =G47*(1+(G2/100)) -> 0 | I47: =0*(1+(G2/100)) -> 0
A48: 48 | B48: B | C48: 0 | D48: E28RA120 | E48: ud | F48: EPI: Cascos protectores auditivos | G48: 0 | H48: =G48*(1+(G2/100)) -> 0 | I48: =0*(1+(G2/100)) -> 0
A49: 49 | B49: B | C49: 0 | D49: E28RA1_2 | E49: ud | F49: EPI: Mascarilla autofiltrante contra gases y vapores | G49: 0 | H49: =G49*(1+(G2/100)) -> 0 | I49: =0*(1+(G2/100)) -> 0
A50: 50 | B50: B | C50: 0 | D50: E28RC010 | E50: ud | F50: EPI: Faja de refuerzo lumbar | G50: 0 | H50: =G50*(1+(G2/100)) -> 0 | I50: =0*(1+(G2/100)) -> 0
A51: 51 | B51: B | C51: 0 | D51: E28RC070 | E51: ud | F51: EPI: Mono de trabajo | G51: 0 | H51: =G51*(1+(G2/100)) -> 0 | I51: =0*(1+(G2/100)) -> 0
A52: 52 | B52: B | C52: 0 | D52: E28RC090 | E52: ud | F52: EPI: Prendas impermeables | G52: 0 | H52: =G52*(1+(G2/100)) -> 0 | I52: =0*(1+(G2/100)) -> 0
A53: 53 | B53: B | C53: 0 | D53: E28RC120_01 | E53: ud | F53: EPI: Prendas de protección contra el fuego | G53: 0 | H53: =G53*(1+(G2/100)) -> 0 | I53: =0*(1+(G2/100)) -> 0
A54: 54 | B54: B | C54: 0 | D54: E28RC125 | E54: ud | F54: EPI: Prendas de protección contra el frío | G54: 0 | H54: =G54*(1+(G2/100)) -> 0 | I54: =0*(1+(G2/100)) -> 0
A55: 55 | B55: B | C55: 0 | D55: E28RC140 | E55: ud | F55: EPI: Mandil de soldadura | G55: 0 | H55: =G55*(1+(G2/100)) -> 0 | I55: =0*(1+(G2/100)) -> 0
A56: 56 | B56: B | C56: 0 | D56: E28RC180 | E56: ud | F56: EPI: Chaleco reflectante | G56: 0 | H56: =G56*(1+(G2/100)) -> 0 | I56: =0*(1+(G2/100)) -> 0
A57: 57 | B57: B | C57: 0 | D57: E28RC1_4 | E57: ud | F57: EPI: Ropa con protección electrostática | G57: 0 | H57: =G57*(1+(G2/100)) -> 0 | I57: =0*(1+(G2/100)) -> 0
A58: 58 | B58: B | C58: 0 | D58: E28RM020 | E58: ud | F58: EPI: Guantes contra riesgos mecánicos | G58: 0 | H58: =G58*(1+(G2/100)) -> 0 | I58: =0*(1+(G2/100)) -> 0
A59: 59 | B59: B | C59: 0 | D59: E28RM050 | E59: ud | F59: EPI: Guantes contra productos químicos y biológicos | G59: 0 | H59: =G59*(1+(G2/100)) -> 0 | I59: =0*(1+(G2/100)) -> 0
A60: 60 | B60: B | C60: 0 | D60: E28RM070 | E60: ud | F60: EPI: Guantes contra riesgos de vibraciones | G60: 0 | H60: =G60*(1+(G2/100)) -> 0 | I60: =0*(1+(G2/100)) -> 0
A61: 61 | B61: B | C61: 0 | D61: E28RM100 | E61: ud | F61: EPI: Guantes para soldador | G61: 0 | H61: =G61*(1+(G2/100)) -> 0 | I61: =0*(1+(G2/100)) -> 0
A62: 62 | B62: B | C62: 0 | D62: E28RM120 | E62: ud | F62: EPI: Guantes contra riesgos eléctricos | G62: 0 | H62: =G62*(1+(G2/100)) -> 0 | I62: =0*(1+(G2/100)) -> 0
A63: 63 | B63: B | C63: 0 | D63: E28RP060 | E63: ud | F63: EPI: Calzado impermeable | G63: 0 | H63: =G63*(1+(G2/100)) -> 0 | I63: =0*(1+(G2/100)) -> 0
A64: 64 | B64: B | C64: 0 | D64: E28RP070 | E64: ud | F64: EPI: Calzado de seguridad | G64: 0 | H64: =G64*(1+(G2/100)) -> 0 | I64: =0*(1+(G2/100)) -> 0
A65: 65 | B65: B | C65: 0 | D65: E28RP080 | E65: ud | F65: EPI: Calzado de protección eléctrica | G65: 0 | H65: =G65*(1+(G2/100)) -> 0 | I65: =0*(1+(G2/100)) -> 0
A66: 66 | B66: B | C66: 0 | D66: E28RP090 | E66: ud | F66: EPI: Polainas para soldadura | G66: 0 | H66: =G66*(1+(G2/100)) -> 0 | I66: =0*(1+(G2/100)) -> 0
A67: 67 | B67: B | C67: 0 | D67: E28RSA040 | E67: ud | F67: EPI: Arnés anticaídas | G67: 0 | H67: =G67*(1+(G2/100)) -> 0 | I67: =0*(1+(G2/100)) -> 0
A68: 68 | B68: B | C68: 0 | D68: E28RSB040 | E68: ud | F68: EPI: Cinturón de seguridad | G68: 0 | H68: =G68*(1+(G2/100)) -> 0 | I68: =0*(1+(G2/100)) -> 0
A69: 69 | B69: B | C69: 0 | D69: E28RSD060 | E69: ud | F69: EPI: Ganchos de seguridad | G69: 0 | H69: =G69*(1+(G2/100)) -> 0 | I69: =0*(1+(G2/100)) -> 0
A70: 70 | B70: B | C70: 0 | D70: E28W040 | E70: ud | F70: Coste mensual de limpieza de casetas de obra | G70: 0 | H70: =G70*(1+(G2/100)) -> 0 | I70: =0*(1+(G2/100)) -> 0
A71: 71 | B71: B | C71: 0 | D71: E28W050 | E71: ud | F71: Coste mensual formación en seguridad e higiene | G71: 0 | H71: =G71*(1+(G2/100)) -> 0 | I71: =0*(1+(G2/100)) -> 0
A72: 72 | B72: B | C72: 0 | D72: E28W060 | E72: ud | F72: Reconocimiento médico obligatorio | G72: 0 | H72: =G72*(1+(G2/100)) -> 0 | I72: =0*(1+(G2/100)) -> 0
A73: 73 | B73: B | C73: 0 | D73: E28W090 | E73: ud | F73: Revisión quincenal de andamio | G73: 0 | H73: =G73*(1+(G2/100)) -> 0 | I73: =0*(1+(G2/100)) -> 0
A74: 74 | B74: B | C74: 0 | D74: E29AAVEN_02 | E74: u | F74: Pruebas de funcionamiento de los aparatos | G74: 0 | H74: =G74*(1+(G2/100)) -> 0 | I74: =0*(1+(G2/100)) -> 0
A75: 75 | B75: B | C75: 0 | D75: E29IEI050 | E75: u | F75: Prueba funcionamiento mecanismos instalación eléctrica | G75: 0 | H75: =G75*(1+(G2/100)) -> 0 | I75: =0*(1+(G2/100)) -> 0
A76: 76 | B76: B | C76: 0 | D76: E29IEI_01 | E76: u | F76: Verificación previa a la puesta en servicio | G76: 0 | H76: =G76*(1+(G2/100)) -> 0 | I76: =0*(1+(G2/100)) -> 0
A77: 77 | B77: B | C77: 0 | D77: E29IEO010 | E77: u | F77: Ensayo completo de conductos eléctricos | G77: 0 | H77: =G77*(1+(G2/100)) -> 0 | I77: =0*(1+(G2/100)) -> 0
A78: 78 | B78: B | C78: 0 | D78: E29IEO020 | E78: u | F78: Dimensiones conductos eléctricos | G78: 0 | H78: =G78*(1+(G2/100)) -> 0 | I78: =0*(1+(G2/100)) -> 0
A79: 79 | B79: B | C79: 0 | D79: E29IEO030 | E79: u | F79: Aptitud al curvado conductos eléctricos | G79: 0 | H79: =G79*(1+(G2/100)) -> 0 | I79: =0*(1+(G2/100)) -> 0
A80: 80 | B80: B | C80: 0 | D80: E29IEO040 | E80: u | F80: Resistencia al aplastamiento conductos eléctricos | G80: 0 | H80: =G80*(1+(G2/100)) -> 0 | I80: =0*(1+(G2/100)) -> 0
A81: 81 | B81: B | C81: 0 | D81: E29IFI040 | E81: u | F81: Prueba de funcionamiento en red desagües | G81: 0 | H81: =G81*(1+(G2/100)) -> 0 | I81: =0*(1+(G2/100)) -> 0
A82: 82 | B82: B | C82: 0 | D82: E29IS040 | E82: u | F82: Prueba de funcionamiento del saneamiento | G82: 0 | H82: =G82*(1+(G2/100)) -> 0 | I82: =0*(1+(G2/100)) -> 0
A83: 83 | B83: B | C83: 0 | D83: E29IU010 | E83: u | F83: Medición recepción, señal TV / FM | G83: 0 | H83: =G83*(1+(G2/100)) -> 0 | I83: =0*(1+(G2/100)) -> 0
A84: 84 | B84: B | C84: 0 | D84: U20CC010 | E84: m3 | F84: Clasificación de residuos | G84: 0 | H84: =G84*(1+(G2/100)) -> 0 | I84: =0*(1+(G2/100)) -> 0
A85: 85 | B85: B | C85: 0 | D85: U20CO030 | E85: mes | F85: Alquiler de contenedor de residuos de 16 m3 | G85: 0 | H85: =G85*(1+(G2/100)) -> 0 | I85: =0*(1+(G2/100)) -> 0
A86: 86 | B86: B | C86: 0 | D86: U20CT080 | E86: u | F86: Transporte de contenedor de residuos no peligrosos valorizables | G86: 0 | H86: =G86*(1+(G2/100)) -> 0 | I86: =0*(1+(G2/100)) -> 0
A87: 87 | B87: B | C87: 0 | D87: U20CT170_01 | E87: m3 | F87: Carga y transporte de residuos no inertes, distancia < 10 km | G87: 0 | H87: =G87*(1+(G2/100)) -> 0 | I87: =0*(1+(G2/100)) -> 0
A88: 88 | B88: B | C88: 0 | D88: U20CT190 | E88: t | F88: Carga y transporte de escombro mixto a vertedero | G88: 0 | H88: =G88*(1+(G2/100)) -> 0 | I88: =0*(1+(G2/100)) -> 0
A89: 89 | B89: B | C89: 0 | D89: U20CT210 | E89: t | F89: Carga y transporte de escombro limpio a planta de reciclaje | G89: 0 | H89: =G89*(1+(G2/100)) -> 0 | I89: =0*(1+(G2/100)) -> 0
A90: 90 | B90: B | C90: 0 | D90: U20CVC040 | E90: mes | F90: Alquiler de contenedor de plásticos de 16 m3 | G90: 0 | H90: =G90*(1+(G2/100)) -> 0 | I90: =0*(1+(G2/100)) -> 0
A91: 91 | B91: B | C91: 0 | D91: U20CVC070 | E91: mes | F91: Alquiler de contenedor de cartones de 16 m3 | G91: 0 | H91: =G91*(1+(G2/100)) -> 0 | I91: =0*(1+(G2/100)) -> 0
A92: 92 | B92: B | C92: 0 | D92: U20CVC100 | E92: mes | F92: Alquiler de contenedor de madera de 16 m3 | G92: 0 | H92: =G92*(1+(G2/100)) -> 0 | I92: =0*(1+(G2/100)) -> 0
A93: 93 | B93: B | C93: 0 | D93: U20CVT030 | E93: mes | F93: Transporte a planta de papel y cartón de oficina de obra | G93: 0 | H93: =G93*(1+(G2/100)) -> 0 | I93: =0*(1+(G2/100)) -> 0
A94: 94 | B94: B | C94: 0 | D94: U20PA040 | E94: u | F94: Almacén de residuos peligrosos con bandeja de chapa 6x1,5 m | G94: 0 | H94: =G94*(1+(G2/100)) -> 0 | I94: =0*(1+(G2/100)) -> 0
A95: 95 | B95: B | C95: 0 | D95: U20PR030 | E95: u | F95: Tratamiento de restos de pintura en bidón de 200 l | G95: 0 | H95: =G95*(1+(G2/100)) -> 0 | I95: =0*(1+(G2/100)) -> 0
A96: 96 | B96: B | C96: 0 | D96: U20PR570 | E96: m3 | F96: Tratamiento de saca de envases de plástico contaminados | G96: 0 | H96: =G96*(1+(G2/100)) -> 0 | I96: =0*(1+(G2/100)) -> 0
A97: 97 | B97: B | C97: 0 | D97: U20PT010 | E97: u | F97: Retirada y transporte compartido de residuos peligrosos en bidón de 200 l | G97: 0 | H97: =G97*(1+(G2/100)) -> 0 | I97: =0*(1+(G2/100)) -> 0
A98: 98
A99: 99 | F99: PRECIOS SIMPLES | J99: No tienen descomposición, son componentes de otro precio y no son partidas del presupuesto
A100: 100 | B100: S | C100: 0 | D100: % | E100: % | F100: Costes directos complementarios | G100: 0 | H100: =G100*(1+(G2/100)) -> 0 | I100: =0*(1+(G2/100)) -> 0
...

Sheet Precios Descompuestos
A1: 1 | E1: descomposición de precios - 032089 CASA DE JUNTAS AVELLANEDA(SIN PRECIOS) v01.bc3
A2: FILA | B2: CODIGO | C2: COMPONENTE | D2: UD | E2: DESCRIPCION CORTA | F2: RENDIMIENTO | G2: PRECIO | H2: IMPORTE | I2: ='Cuadro de Precios'!I3 -> PRECIO BC3 | J2: DIF.PRECIO | K2: DESCRIPCION LARGA
A3: 3 | E3: PRECIOS AUXILIARES
A4: 4 | B4: A01A010 | D4: m3 | E4: PASTA DE CAL APAGADA AMASADA | G4: =H8 -> 0 | I4: ='Cuadro de Precios'!I282 -> 0 | J4: =(G4-I4) -> 0 | K4: Pasta de cal viva apagada, amasada manualmente.
A5: 5 | C5: O01OA070 | D5: h | E5: Peón ordinario | F5: 2.5 | G5: ='Cuadro de Precios'!H145 -> 0 | H5: =PRODUCT(F5:G5) -> 0 | I5: ='Cuadro de Precios'!I145 -> 0 | J5: =(G5-I5) -> 0
A6: 6 | C6: P01CL030 | D6: t | E6: Cal hidratada en sacos S | F6: 0.35 | G6: ='Cuadro de Precios'!H179 -> 0 | H6: =PRODUCT(F6:G6) -> 0 | I6: ='Cuadro de Precios'!I179 -> 0 | J6: =(G6-I6) -> 0
A7: 7 | C7: P01DW050 | D7: m3 | E7: Agua | F7: 0.7 | G7: ='Cuadro de Precios'!H184 -> 0 | H7: =PRODUCT(F7:G7) -> 0 | I7: ='Cuadro de Precios'!I184 -> 0 | J7: =(G7-I7) -> 0
A8: 8 | E8: Total precio............ | H8: =SUM(H5:H7) -> 0
A9: 9 | B9: A01A040 | D9: m3 | E9: PASTA DE YESO BLANCO | G9: =H13 -> 0 | I9: ='Cuadro de Precios'!I283 -> 0 | J9: =(G9-I9) -> 0 | K9: Pasta de yeso blanco amasado manualmente.
A10: 10 | C10: O01OA070 | D10: h | E10: Peón ordinario | F10: 2.5 | G10: ='Cuadro de Precios'!H145 -> 0 | H10: =PRODUCT(F10:G10) -> 0 | I10: ='Cuadro de Precios'!I145 -> 0 | J10: =(G10-I10) -> 0
A11: 11 | C11: P01CY030 | D11: t | E11: Yeso blanco en sacos YF | F11: 0.81 | G11: ='Cuadro de Precios'!H181 -> 0 | H11: =PRODUCT(F11:G11) -> 0 | I11: ='Cuadro de Precios'!I181 -> 0 | J11: =(G11-I11) -> 0
A12: 12 | C12: P01DW050 | D12: m3 | E12: Agua | F12: 0.65 | G12: ='Cuadro de Precios'!H184 -> 0 | H12: =PRODUCT(F12:G12) -> 0 | I12: ='Cuadro de Precios'!I184 -> 0 | J12: =(G12-I12) -> 0
A13: 13 | E13: Total precio............ | H13: =SUM(H10:H12) -> 0
A14: 14 | B14: A01L010 | D14: m3 | E14: LECHADA CAL VIVA APAGADA | G14: =H18 -> 0 | I14: ='Cuadro de Precios'!I284 -> 0 | J14: =(G14-I14) -> 0 | K14: Cal viva apagada en lechada, amasada manualmente.
A15: 15 | C15: O01OA070 | D15: h | E15: Peón ordinario | F15: 2 | G15: ='Cuadro de Precios'!H145 -> 0 | H15: =PRODUCT(F15:G15) -> 0 | I15: ='Cuadro de Precios'!I145 -> 0 | J15: =(G15-I15) -> 0
A16: 16 | C16: P01CL010 | D16: t | E16: Cal viva molida en sacos Q | F16: 0.3 | G16: ='Cuadro de Precios'!H178 -> 0 | H16: =PRODUCT(F16:G16) -> 0 | I16: ='Cuadro de Precios'!I178 -> 0 | J16: =(G16-I16) -> 0
A17: 17 | C17: P01DW050 | D17: m3 | E17: Agua | F17: 0.85 | G17: ='Cuadro de Precios'!H184 -> 0 | H17: =PRODUCT(F17:G17) -> 0 | I17: ='Cuadro de Precios'!I184 -> 0 | J17: =(G17-I17) -> 0
A18: 18 | E18: Total precio............ | H18: =SUM(H15:H17) -> 0
A19: 19 | B19: A01L020 | D19: m3 | E19: LECHADA CEMENTO 1/2 CEM II/B-P 32,5 N | G19: =H23 -> 0 | I19: ='Cuadro de Precios'!I285 -> 0 | J19: =(G19-I19) -> 0 | K19: Lechada de cemento CEM II/B-P 32,5 N 1/2, amasada a mano, s/RC-08.
A20: 20 | C20: O01OA070 | D20: h | E20: Peón ordinario | F20: 2 | G20: ='Cuadro de Precios'!H145 -> 0 | H20: =PRODUCT(F20:G20) -> 0 | I20: ='Cuadro de Precios'!I145 -> 0 | J20: =(G20-I20) -> 0
A21: 21 | C21: P01CC020 | D21: t | E21: Cemento CEM II/B-P 32,5 N sacos | F21: 0.425 | G21: ='Cuadro de Precios'!H176 -> 0 | H21: =PRODUCT(F21:G21) -> 0 | I21: ='Cuadro de Precios'!I176 -> 0 | J21: =(G21-I21) -> 0
A22: 22 | C22: P01DW050 | D22: m3 | E22: Agua | F22: 0.85 | G22: ='Cuadro de Precios'!H184 -> 0 | H22: =PRODUCT(F22:G22) -> 0 | I22: ='Cuadro de Precios'!I184 -> 0 | J22: =(G22-I22) -> 0
A23: 23 | E23: Total precio............ | H23: =SUM(H20:H22) -> 0
A24: 24 | B24: A01L090 | D24: m3 | E24: LECHADA CEM. BLANCO BL 22,5 X | G24: =H28 -> 0 | I24: ='Cuadro de Precios'!I286 -> 0 | J24: =(G24-I24) -> 0 | K24: Lechada de cemento blanco BL 22,5 X amasado a mano, s/RC-08.
A25: 25 | C25: O01OA070 | D25: h | E25: Peón ordinario | F25: 2 | G25: ='Cuadro de Precios'!H145 -> 0 | H25: =PRODUCT(F25:G25) -> 0 | I25: ='Cuadro de Precios'!I145 -> 0 | J25: =(G25-I25) -> 0
A26: 26 | C26: P01CC120 | D26: t | E26: Cemento blanco BL 22,5 X sacos | F26: 0.5 | G26: ='Cuadro de Precios'!H177 -> 0 | H26: =PRODUCT(F26:G26) -> 0 | I26: ='Cuadro de Precios'!I177 -> 0 | J26: =(G26-I26) -> 0
A27: 27 | C27: P01DW050 | D27: m3 | E27: Agua | F27: 0.9 | G27: ='Cuadro de Precios'!H184 -> 0 | H27: =PRODUCT(F27:G27) -> 0 | I27: ='Cuadro de Precios'!I184 -> 0 | J27: =(G27-I27) -> 0
A28: 28 | E28: Total precio............ | H28: =SUM(H25:H27) -> 0
A29: 29 | B29: A02A080 | D29: m3 | E29: MORTERO CEMENTO M-5 | G29: =H35 -> 0 | I29: ='Cuadro de Precios'!I287 -> 0 | J29: =(G29-I29) -> 0 | K29: Mortero de cemento CEM II/B-P 32,5 N y arena de río de tipo M-5 para uso corriente (G), con resistencia a compresión a 28 días de 5,0 N/mm2, confeccionado con hormigonera de 200 l, s/RC-08 y UNE-EN 998-2:2004.
A30: 30 | C30: O01OA070 | D30: h | E30: Peón ordinario | F30: 2.125 | G30: ='Cuadro de Precios'!H145 -> 0 | H30: =PRODUCT(F30:G30) -> 0 | I30: ='Cuadro de Precios'!I145 -> 0 | J30: =(G30-I30) -> 0
A31: 31 | C31: P01CC020 | D31: t | E31: Cemento CEM II/B-P 32,5 N sacos | F31: 0.27 | G31: ='Cuadro de Precios'!H176 -> 0 | H31: =PRODUCT(F31:G31) -> 0 | I31: ='Cuadro de Precios'!I176 -> 0 | J31: =(G31-I31) -> 0
A32: 32 | C32: P01AA020 | D32: m3 | E32: Arena de río 0/6 mm | F32: 1.09 | G32: ='Cuadro de Precios'!H173 -> 0 | H32: =PRODUCT(F32:G32) -> 0 | I32: ='Cuadro de Precios'!I173 -> 0 | J32: =(G32-I32) -> 0
A33: 33 | C33: P01DW050 | D33: m3 | E33: Agua | F33: 0.255 | G33: ='Cuadro de Precios'!H184 -> 0 | H33: =PRODUCT(F33:G33) -> 0 | I33: ='Cuadro de Precios'!I184 -> 0 | J33: =(G33-I33) -> 0
A34: 34 | C34: M03HH020 | D34: h | E34: Hormigonera 200 l gasolina | F34: 0.4 | G34: ='Cuadro de Precios'!H110 -> 0 | H34: =PRODUCT(F34:G34) -> 0 | I34: ='Cuadro de Precios'!I110 -> 0 | J34: =(G34-I34) -> 0
A35: 35 | E35: Total precio............ | H35: =SUM(H30:H34) -> 0
A36: 36 | B36: A02A140 | D36: m3 | E36: MORTERO CEMENTO M-5 C/A.MIGA | G36: =H42 -> 0 | I36: ='Cuadro de Precios'!I288 -> 0 | J36: =(G36-I36) -> 0 | K36: Mortero de cemento CEM II/B-P 32,5 N y arena de miga de tipo M-5 para uso corriente (G), con resistencia a compresión a 28 días de 5,0 N/mm2, confeccionado con hormigonera de 200 l, s/RC-08 y UNE-EN 998-2:2004.
A37: 37 | C37: O01OA070 | D37: h | E37: Peón ordinario | F37: 1.7 | G37: ='Cuadro de Precios'!H145 -> 0 | H37: =PRODUCT(F37:G37) -> 0 | I37: ='Cuadro de Precios'!I145 -> 0 | J37: =(G37-I37) -> 0
A38: 38 | C38: P01CC020 | D38: t | E38: Cemento CEM II/B-P 32,5 N sacos | F38: 0.27 | G38: ='Cuadro de Precios'!H176 -> 0 | H38: =PRODUCT(F38:G38) -> 0 | I38: ='Cuadro de Precios'!I176 -> 0 | J38: =(G38-I38) -> 0
A39: 39 | C39: P01AA060 | D39: m3 | E39: Arena de miga cribada | F39: 1.09 | G39: ='Cuadro de Precios'!H174 -> 0 | H39: =PRODUCT(F39:G39) -> 0 | I39: ='Cuadro de Precios'!I174 -> 0 | J39: =(G39-I39) -> 0
A40: 40 | C40: P01DW050 | D40: m3 | E40: Agua | F40: 0.255 | G40: ='Cuadro de Precios'!H184 -> 0 | H40: =PRODUCT(F40:G40) -> 0 | I40: ='Cuadro de Precios'!I184 -> 0 | J40: =(G40-I40) -> 0
A41: 41 | C41: M03HH020 | D41: h | E41: Hormigonera 200 l gasolina | F41: 0.4 | G41: ='Cuadro de Precios'!H110 -> 0 | H41: =PRODUCT(F41:G41) -> 0 | I41: ='Cuadro de Precios'!I110 -> 0 | J41: =(G41-I41) -> 0
A42: 42 | E42: Total precio............ | H42: =SUM(H37:H41) -> 0
A43: 43 | B43: A02C010 | D43: m3 | E43: MORTERO DE CAL M-20 | G43: =H49 -> 0 | I43: ='Cuadro de Precios'!I289 -> 0 | J43: =(G43-I43) -> 0 | K43: Mortero de cal y arena de río M-20 confeccionado con hormigonera de 200 l.
A44: 44 | C44: O01OA070 | D44: h | E44: Peón ordinario | F44: 1.7 | G44: ='Cuadro de Precios'!H145 -> 0 | H44: =PRODUCT(F44:G44) -> 0 | I44: ='Cuadro de Precios'!I145 -> 0 | J44: =(G44-I44) -> 0
A45: 45 | C45: A01A010 | D45: m3 | E45: PASTA DE CAL APAGADA AMASADA | F45: 0.6 | G45: ='Cuadro de Precios'!H282 -> 0 | H45: =PRODUCT(F45:G45) -> 0 | I45: ='Cuadro de Precios'!I282 -> 0 | J45: =(G45-I45) -> 0
A46: 46 | C46: P01AA020 | D46: m3 | E46: Arena de río 0/6 mm | F46: 0.96 | G46: ='Cuadro de Precios'!H173 -> 0 | H46: =PRODUCT(F46:G46) -> 0 | I46: ='Cuadro de Precios'!I173 -> 0 | J46: =(G46-I46) -> 0
A47: 47 | C47: P01DW050 | D47: m3 | E47: Agua | F47: 0.29 | G47: ='Cuadro de Precios'!H184 -> 0 | H47: =PRODUCT(F47:G47) -> 0 | I47: ='Cuadro de Precios'!I184 -> 0 | J47: =(G47-I47) -> 0
A48: 48 | C48: M03HH020 | D48: h | E48: Hormigonera 200 l gasolina | F48: 0.4 | G48: ='Cuadro de Precios'!H110 -> 0 | H48: =PRODUCT(F48:G48) -> 0 | I48: ='Cuadro de Precios'!I110 -> 0 | J48: =(G48-I48) -> 0
A49: 49 | E49: Total precio............ | H49: =SUM(H44:H48) -> 0
A50: 50 | B50: A02C020 | D50: m3 | E50: MORTERO DE CAL M-15 | G50: =H56 -> 0 | I50: ='Cuadro de Precios'!I290 -> 0 | J50: =(G50-I50) -> 0 | K50: Mortero de cal y arena de río M-15 confeccionado con hormigonera de 200 l.
A51: 51 | C51: O01OA070 | D51: h | E51: Peón ordinario | F51: 1.7 | G51: ='Cuadro de Precios'!H145 -> 0 | H51: =PRODUCT(F51:G51) -> 0 | I51: ='Cuadro de Precios'!I145 -> 0 | J51: =(G51-I51) -> 0
A52: 52 | C52: A01A010 | D52: m3 | E52: PASTA DE CAL APAGADA AMASADA | F52: 0.41 | G52: ='Cuadro de Precios'!H282 -> 0 | H52: =PRODUCT(F52:G52) -> 0 | I52: ='Cuadro de Precios'!I282 -> 0 | J52: =(G52-I52) -> 0
A53: 53 | C53: P01AA020 | D53: m3 | E53: Arena de río 0/6 mm | F53: 1.05 | G53: ='Cuadro de Precios'!H173 -> 0 | H53: =PRODUCT(F53:G53) -> 0 | I53: ='Cuadro de Precios'!I173 -> 0 | J53: =(G53-I53) -> 0
A54: 54 | C54: P01DW050 | D54: m3 | E54: Agua | F54: 0.275 | G54: ='Cuadro de Precios'!H184 -> 0 | H54: =PRODUCT(F54:G54) -> 0 | I54: ='Cuadro de Precios'!I184 -> 0 | J54: =(G54-I54) -> 0
A55: 55 | C55: M03HH020 | D55: h | E55: Hormigonera 200 l gasolina | F55: 0.4 | G55: ='Cuadro de Precios'!H110 -> 0 | H55: =PRODUCT(F55:G55) -> 0 | I55: ='Cuadro de Precios'!I110 -> 0 | J55: =(G55-I55) -> 0
A56: 56 | E56: Total precio............ | H56: =SUM(H51:H55) -> 0
A57: 57 | B57: A03S020 | D57: m3 | E57: HORMIGÓN AISLANTE (650 kg/m3) | G57: =H63 -> 0 | I57: ='Cuadro de Precios'!I291 -> 0 | J57: =(G57-I57) -> 0 | K57: Hormigón aislante de densidad 650 kg/m3, con cemento CEM II/B-P 32,5 N y arcilla expandida tipo G-3 o F-3, confeccionado en obra con hormigonera de 250 l.
A58: 58 | C58: O01OA070 | D58: h | E58: Peón ordinario | F58: 2.3 | G58: ='Cuadro de Precios'!H145 -> 0 | H58: =PRODUCT(F58:G58) -> 0 | I58: ='Cuadro de Precios'!I145 -> 0 | J58: =(G58-I58) -> 0
A59: 59 | C59: M03HH070 | D59: h | E59: Hormigonera 250 l eléctrica | F59: 0.5 | G59: ='Cuadro de Precios'!H111 -> 0 | H59: =PRODUCT(F59:G59) -> 0 | I59: ='Cuadro de Precios'!I111 -> 0 | J59: =(G59-I59) -> 0
A60: 60 | C60: P01AL010 | D60: m3 | E60: Arcilla expandida F-3 (3-10 mm) granel | F60: 1.1 | G60: ='Cuadro de Precios'!H175 -> 0 | H60: =PRODUCT(F60:G60) -> 0 | I60: ='Cuadro de Precios'!I175 -> 0 | J60: =(G60-I60) -> 0
A61: 61 | C61: P01CC020 | D61: t | E61: Cemento CEM II/B-P 32,5 N sacos | F61: 0.15 | G61: ='Cuadro de Precios'!H176 -> 0 | H61: =PRODUCT(F61:G61) -> 0 | I61: ='Cuadro de Precios'!I176 -> 0 | J61: =(G61-I61) -> 0
A62: 62 | C62: P01DW050 | D62: m3 | E62: Agua | F62: 0.12 | G62: ='Cuadro de Precios'!H184 -> 0 | H62: =PRODUCT(F62:G62) -> 0 | I62: ='Cuadro de Precios'!I184 -> 0 | J62: =(G62-I62) -> 0
A63: 63 | E63: Total precio............ | H63: =SUM(H58:H62) -> 0
A64: 64 | B64: E01DIS030 | D64: m | E64: DEM.SANEAMIENTO COLGADOS TUBOS PVC D<30 A MANO | G64: =H67 -> 0 | I64: ='Cuadro de Precios'!I292 -> 0 | J64: =(G64-I64) -> 0 | K64: Demolición de colectores de saneamiento colgados, de tubos de fibrocemento o PVC, de hasta 30 cm de diámetro, por medios manuales, incluso retirada de soportes y de abrazaderas, limpieza y retirada de escombros a pie de carga, sin transporte al vertedero y con p.p. de medios auxiliares.
A65: 65 | C65: O01OA040 | D65: h | E65: Oficial segunda | F65: 0.2 | G65: ='Cuadro de Precios'!H142 -> 0 | H65: =PRODUCT(F65:G65) -> 0 | I65: ='Cuadro de Precios'!I142 -> 0 | J65: =(G65-I65) -> 0
A66: 66 | C66: O01OA070 | D66: h | E66: Peón ordinario | F66: 0.25 | G66: ='Cuadro de Precios'!H145 -> 0 | H66: =PRODUCT(F66:G66) -> 0 | I66: ='Cuadro de Precios'!I145 -> 0 | J66: =(G66-I66) -> 0
A67: 67 | E67: Total precio............ | H67: =SUM(H65:H66) -> 0
A68: 68 | B68: E01DTZ010 | D68: m3 | E68: RECOGIDA, VERTIDO Y TRANSPORTE DE ESCOMBRO | G68: =H72 -> 0 | I68: ='Cuadro de Precios'!I293 -> 0 | J68: =(G68-I68) -> 0 | K68: Limpieza y retirada de escombros a pie de carga, transporte a vertedero o planta de reciclaje
A69: 69 | C69: O01OA070 | D69: h | E69: Peón ordinario | F69: 0.7 | G69: ='Cuadro de Precios'!H145 -> 0 | H69: =PRODUCT(F69:G69) -> 0 | I69: ='Cuadro de Precios'!I145 -> 0 | J69: =(G69-I69) -> 0
A70: 70 | C70: M07AC010 | D70: h | E70: Dumper convencional 1.500 kg | F70: 0.7 | G70: ='Cuadro de Precios'!H119 -> 0 | H70: =PRODUCT(F70:G70) -> 0 | I70: ='Cuadro de Precios'!I119 -> 0 | J70: =(G70-I70) -> 0
A71: 71 | C71: M13O120 | D71: u | E71: Entreg. y recog. cont. 4 m3. d<10 km | F71: 0.25 | G71: ='Cuadro de Precios'!H136 -> 0 | H71: =PRODUCT(F71:G71) -> 0 | I71: ='Cuadro de Precios'!I136 -> 0 | J71: =(G71-I71) -> 0
A72: 72 | E72: Total precio............ | H72: =SUM(H69:H71) -> 0
A73: 73 | B73: E05HLM010 | D73: m3 | E73: HORMIGÓN P/ARMAR HA-25/P/20 LOSA PLANA | G73: =H79 -> 0 | I73: ='Cuadro de Precios'!I294 -> 0 | J73: =(G73-I73) -> 0 | K73: Hormigón para armar HA-25/P/20/I, elaborado en central, en losas planas, incluso vertido con pluma-grúa, vibrado y colocado. Según normas NTE-EHL y EHE-08.
A74: 74 | C74: O01OB010 | D74: h | E74: Oficial 1ª encofrador | F74: 0.25 | G74: ='Cuadro de Precios'!H147 -> 0 | H74: =PRODUCT(F74:G74) -> 0 | I74: ='Cuadro de Precios'!I147 -> 0 | J74: =(G74-I74) -> 0
A75: 75 | C75: O01OB020 | D75: h | E75: Ayudante encofrador | F75: 0.25 | G75: ='Cuadro de Precios'!H148 -> 0 | H75: =PRODUCT(F75:G75) -> 0 | I75: ='Cuadro de Precios'!I148 -> 0 | J75: =(G75-I75) -> 0
A76: 76 | C76: O01OB025 | D76: h | E76: Oficial 1ª gruísta | F76: 0.1 | G76: ='Cuadro de Precios'!H149 -> 0 | H76: =PRODUCT(F76:G76) -> 0 | I76: ='Cuadro de Precios'!I149 -> 0 | J76: =(G76-I76) -> 0
A77: 77 | C77: M02GT002 | D77: h | E77: Grúa pluma 30 m./0,75 t | F77: 0.1 | G77: ='Cuadro de Precios'!H106 -> 0 | H77: =PRODUCT(F77:G77) -> 0 | I77: ='Cuadro de Precios'!I106 -> 0 | J77: =(G77-I77) -> 0
A78: 78 | C78: P01HA010 | D78: m2 | E78: Hormigón HA-25/P/20/I central | F78: 1.05 | G78: ='Cuadro de Precios'!H187 -> 0 | H78: =PRODUCT(F78:G78) -> 0 | I78: ='Cuadro de Precios'!I187 -> 0 | J78: =(G78-I78) -> 0
A79: 79 | E79: Total precio............ | H79: =SUM(H74:H78) -> 0
A80: 80 | B80: E07TLB030 | D80: m2 | E80: TABICÓN LHD 25x12x8 cm | G80: =H85 -> 0 | I80: ='Cuadro de Precios'!I295 -> 0 | J80: =(G80-I80) -> 0 | K80: Tabicón de ladrillo hueco doble de 25x12x8 cm. recibido con mortero de cemento CEM II/B-P 32,5 N y arena de río de dosificación, tipo M-7,5, i/p.p. de replanteo, aplomado y recibido de cercos, roturas, humedecido de las piezas, limpieza y medios auxiliares, s/NTE-PTL y NBE-FL-90, medido deduciendo huecos superiores a 2 m2.
A81: 81 | C81: O01OA030 | D81: h | E81: Oficial primera | F81: 0.5 | G81: ='Cuadro de Precios'!H141 -> 0 | H81: =PRODUCT(F81:G81) -> 0 | I81: ='Cuadro de Precios'!I141 -> 0 | J81: =(G81-I81) -> 0
A82: 82 | C82: O01OA070 | D82: h | E82: Peón ordinario | F82: 0.5 | G82: ='Cuadro de Precios'!H145 -> 0 | H82: =PRODUCT(F82:G82) -> 0 | I82: ='Cuadro de Precios'!I145 -> 0 | J82: =(G82-I82) -> 0
A83: 83 | C83: P01LH020 | D83: mu | E83: Ladrillo hueco doble métrico 24x11,5x8 cm | F83: 0.033 | G83: ='Cuadro de Precios'!H188 -> 0 | H83: =PRODUCT(F83:G83) -> 0 | I83: ='Cuadro de Precios'!I188 -> 0 | J83: =(G83-I83) -> 0
A84: 84 | C84: P01MC030 | D84: m3 | E84: Mortero cem. gris II/B-M 32,5 M-7,5/CEM | F84: 0.016 | G84: ='Cuadro de Precios'!H190 -> 0 | H84: =PRODUCT(F84:G84) -> 0 | I84: ='Cuadro de Precios'!I190 -> 0 | J84: =(G84-I84) -> 0
A85: 85 | E85: Total precio............ | H85: =SUM(H81:H84) -> 0
A86: 86 | B86: E27GAI040 | D86: m2 | E86: PINTURA PLÁSTICA ACRÍL.LISA MATE ESTANDARD | G86: =H92 -> 0 | I86: ='Cuadro de Precios'!I296 -> 0 | J86: =(G86-I86) -> 0 | K86: Pintura acrílica estándar aplicada a rodillo en paramentos verticales y horizontales de fachada, i/limpieza de superficie, mano de imprimación y acabado con dos manos, según NTE-RPP-24.
A87: 87 | C87: O01OB230 | D87: h | E87: Oficial 1ª pintura | F87: 0.15 | G87: ='Cuadro de Precios'!H162 -> 0 | H87: =PRODUCT(F87:G87) -> 0 | I87: ='Cuadro de Precios'!I162 -> 0 | J87: =(G87-I87) -> 0
A88: 88 | C88: O01OB240 | D88: h | E88: Ayudante pintura | F88: 0.15 | G88: ='Cuadro de Precios'!H163 -> 0 | H88: =PRODUCT(F88:G88) -> 0 | I88: ='Cuadro de Precios'!I163 -> 0 | J88: =(G88-I88) -> 0
A89: 89 | C89: P25OZ040 | D89: l | E89: E. fijadora muy penetrante obra/mad e/int | F89: 0.07 | G89: ='Cuadro de Precios'!H264 -> 0 | H89: =PRODUCT(F89:G89) -> 0 | I89: ='Cuadro de Precios'!I264 -> 0 | J89: =(G89-I89) -> 0
A90: 90 | C90: P25ES010 | D90: l | E90: P. pl. ext/int estándar b/c Mate | F90: 0.3 | G90: ='Cuadro de Precios'!H257 -> 0 | H90: =PRODUCT(F90:G90) -> 0 | I90: ='Cuadro de Precios'!I257 -> 0 | J90: =(G90-I90) -> 0
A91: 91 | C91: P25WW220 | D91: u | E91: Pequeño material | F91: 0.08 | G91: ='Cuadro de Precios'!H265 -> 0 | H91: =PRODUCT(F91:G91) -> 0 | I91: ='Cuadro de Precios'!I265 -> 0 | J91: =(G91-I91) -> 0
A92: 92 | E92: Total precio............ | H92: =SUM(H87:H91) -> 0
A93: 93 | B93: O01OA090 | D93: h | E93: Cuadrilla A | G93: =H97 -> 0 | I93: ='Cuadro de Precios'!I297 -> 0 | J93: =(G93-I93) -> 0
A94: 94 | C94: O01OA030 | D94: h | E94: Oficial primera | F94: 1 | G94: ='Cuadro de Precios'!H141 -> 0 | H94: =PRODUCT(F94:G94) -> 0 | I94: ='Cuadro de Precios'!I141 -> 0 | J94: =(G94-I94) -> 0
A95: 95 | C95: O01OA050 | D95: h | E95: Ayudante | F95: 1 | G95: ='Cuadro de Precios'!H143 -> 0 | H95: =PRODUCT(F95:G95) -> 0 | I95: ='Cuadro de Precios'!I143 -> 0 | J95: =(G95-I95) -> 0
A96: 96 | C96: O01OA070 | D96: h | E96: Peón ordinario | F96: 0.5 | G96: ='Cuadro de Precios'!H145 -> 0 | H96: =PRODUCT(F96:G96) -> 0 | I96: ='Cuadro de Precios'!I145 -> 0 | J96: =(G96-I96) -> 0
A97: 97 | E97: Total precio............ | H97: =SUM(H94:H96) -> 0
A98: 98 | B98: R02MA010 | D98: u | E98: IMPLANT.EQUIPO CHORRO DE ARENA M.25km. | G98: =H103 -> 0 | I98: ='Cuadro de Precios'!I298 -> 0 | J98: =(G98-I98) -> 0 | K98: Implantación de equipo necesario tamaño mediano para chorro de arena, a una distancia de almacén, de 25 km. (ida), en camión con grúa 6 t., comprendiendo, revisión y puesta a punto de la maquinaria, estudio de adecuación de la misma, carga y transporte al lugar de trabajo, primera implantación, mantenimiento, y traslado al lugar de origen.
A99: 99 | C99: O01OC180 | D99: h | E99: Especialista restaurador | F99: 21 | G99: ='Cuadro de Precios'!H172 -> 0 | H99: =PRODUCT(F99:G99) -> 0 | I99: ='Cuadro de Precios'!I172 -> 0 | J99: =(G99-I99) -> 0
A100: 100 | C100: O01OA080 | D100: h | E100: Maquinista o conductor | F100: 15.75 | G100: ='Cuadro de Precios'!H146 -> 0 | H100: =PRODUCT(F100:G100) -> 0 | I100: ='Cuadro de Precios'!I146 -> 0 | J100: =(G100-I100) -> 0
...

Sheet Presupuesto
F1: presupuesto - 032089 CASA DE JUNTAS AVELLANEDA(SIN PRECIOS) v01.bc3
A2: Linea | B2: Tipo | C2: Orden | D2: Código | E2: Ud | F2: Descripción | G2: Unidades | H2: Largo | I2: Ancho | J2: Alto | K2: Parcial | L2: Medición | M2: Precio | N2: Cálculo | O2: Importe | P2: Cantidad BC3 | Q2: Precio BC3 | R2: Importe Bc3 | S2: Dif.Can | T2: Dif.Pre | U2: Dif.Imp
A3: 3 | B3: R | D3: 0 | F3: PROYECTO: REPARACIÓN DE DAÑOS EN LA CASA DE JUNTAS DE ABELLANEDA
A4: 4 | B4: # | C4: 01 | D4: Cap. 01 | F4: ACTUACIÓN EN CUBIERTAS CASA TORRE Y ALMENAS | O4: =O168 -> 0 | P4: 1 | Q4: 0 | R4: =PRODUCT(P4:Q4) -> 0 | U4: =(O4-R4) -> 0
A5: 5 | B5: D | C5: 01.01 | D5: R02AB040IZ | E5: u | F5: MAPEADO DE PIEZAS EN ALMENAS | L5: =K9 -> 1 | M5: ='Cuadro de Precios'!H361 -> 0 | N5: =(L5*M5) -> 0 | O5: =N5 -> 0 | P5: 1 | Q5: ='Cuadro de Precios'!I361 -> 0 | R5: =PRODUCT(P5:Q5) -> 0 | S5: =(L5-P5) -> 0 | T5: =(M5-Q5) -> 0 | U5: =(O5-R5) -> 0
A6: 6 | B6: T | F6: Mapeado de las piezas que conforman las almenas de la terraza en la casa torre, formado por: recogida de datos para clasificación de los sillares y mampuestos que conforman cada una de las pieza de la almena, para llevar a cabo el desmontado y posteriormente su reconstrucción, reubicando cada una de las piezas en su posición original. Se marcara cada una de las piezas desmontadas y se registrará en un documento que recoja el tipo de caracterización, ubicación y grafismo. Medida la unidad ejecutada.
A7: 7 | G7: 1 | K7: =PRODUCT(G7:J7) -> 1
A8: 8 | B8: 1 | L8: =SUM(K7:K7) -> 1
A9: 9 | B9: M | F9: Total Medición........ | K9: =SUM(K7:K8) -> 1
A10: 10
A11: 11 | B11: D | C11: 01.02 | D11: R03AD040W4 | E11: m3 | F11: DESMONTADO ALMENAS MAMPOSTERÍA Y ACOPIO | L11: =K16 -> 6.48 | M11: ='Cuadro de Precios'!H362 -> 0 | N11: =(L11*M11) -> 0 | O11: =N11 -> 0 | P11: 6.48 | Q11: ='Cuadro de Precios'!I362 -> 0 | R11: =PRODUCT(P11:Q11) -> 0 | S11: =(L11-P11) -> 0 | T11: =(M11-Q11) -> 0 | U11: =(O11-R11) -> 0
A12: 12 | B12: T | F12: Desmontado de almenas y cañoneras en coronación de muro de mampostería hasta 100 cm de altura, formado por: desmontado a mano de la pieza arquitectónica, hasta enrasar con el nivel por debajo de las cañoneras (coronación del muro), codificando cada una de ellas para posteriormente colocarla en su posición original, acopio de piezas en el suelo de la terraza noroeste, incluso medios de protección. Medido el voumen desmontado.
A13: 13 | F13: Almenas | G13: 18 | H13: 0.6 | I13: 0.5 | J13: 1 | K13: =PRODUCT(G13:J13) -> 5.4
A14: 14 | F14: Cañoneras | G14: 18 | H14: 0.6 | I14: 0.5 | J14: 0.2 | K14: =PRODUCT(G14:J14) -> 1.08
A15: 15 | B15: 1 | L15: =SUM(K13:K14) -> 6.48
A16: 16 | B16: M | F16: Total Medición........ | K16: =SUM(K13:K15) -> 6.48
A17: 17
A18: 18 | B18: D | C18: 01.03 | D18: R07P020 | E18: m | F18: PREPARACIÓN CORONACIÓN MURO MAMPOSTERÍA | L18: =K23 -> 23 | M18: ='Cuadro de Precios'!H371 -> 0 | N18: =(L18*M18) -> 0 | O18: =N18 -> 0 | P18: 23 | Q18: ='Cuadro de Precios'!I371 -> 0 | R18: =PRODUCT(P18:Q18) -> 0 | S18: =(L18-P18) -> 0 | T18: =(M18-Q18) -> 0 | U18: =(O18-R18) -> 0
A19: 19 | B19: T | F19: Preparación de coronación de almena y muro de fábrica de mampostería de espesor aproximado 60cm, para asentamiento de albardilla en coronación del muro, incluso medios de protección, con retirada de escombros y carga, sin transporte a vertedero o planta de reciclaje, según NTE/ADD-9. Medida la longitud ejecutada.
A20: 20 | G20: 1 | H20: 10 | K20: =PRODUCT(G20:J20) -> 10
A21: 21 | G21: 1 | H21: 13 | K21: =PRODUCT(G21:J21) -> 13
A22: 22 | B22: 1 | L22: =SUM(K20:K21) -> 23
A23: 23 | B23: M | F23: Total Medición........ | K23: =SUM(K20:K22) -> 23
A24: 24
A25: 25 | B25: D | C25: 01.04 | D25: E06PA010A1 | E25: m | F25: ALBARDILLA PIEDRA ARENISCA | L25: =K30 -> 23 | M25: ='Cuadro de Precios'!H326 -> 0 | N25: =(L25*M25) -> 0 | O25: =N25 -> 0 | P25: 23 | Q25: ='Cuadro de Precios'!I326 -> 0 | R25: =PRODUCT(P25:Q25) -> 0 | S25: =(L25-P25) -> 0 | T25: =(M25-Q25) -> 0 | U25: =(O25-R25) -> 0
A26: 26 | B26: T | F26: Albardilla de piedra arenisca labrada con acabado rústico en la cara inferior (abujardado o escafilado), en sección rectangular de 100 cm de largo, 50 cm de ancho y 5 cm. de espesor, recibido con mortero de cal (Mortercal piedra de grupo Puma), rejuntado y limpieza final, totalmente terminado, i/nivelación, asiento, rejuntado, sellado de juntas, labrado de cantos vistos y limpieza, s/NTE-EFP, medido en su longitud.
A27: 27 | G27: 1 | H27: 10 | K27: =PRODUCT(G27:J27) -> 10
A28: 28 | G28: 1 | H28: 13 | K28: =PRODUCT(G28:J28) -> 13
A29: 29 | B29: 1 | L29: =SUM(K27:K28) -> 23
A30: 30 | B30: M | F30: Total Medición........ | K30: =SUM(K27:K29) -> 23
A31: 31
A32: 32 | B32: D | C32: 01.05 | D32: E06MC050A6 | E32: m3 | F32: RECONSTRUCCIÓN DE ALMENAS S/APORTE | L32: =K37 -> 6.48 | M32: ='Cuadro de Precios'!H325 -> 0 | N32: =(L32*M32) -> 0 | O32: =N32 -> 0 | P32: 6.48 | Q32: ='Cuadro de Precios'!I325 -> 0 | R32: =PRODUCT(P32:Q32) -> 0 | S32: =(L32-P32) -> 0 | T32: =(M32-Q32) -> 0 | U32: =(O32-R32) -> 0
A33: 33 | B33: T | F33: Reconstrucción de almenas con piedra arenisca acopiada, elevación del material hasta la terraza, colocadas en la disposición que originalmente estaban ubicadas y recibidas con mortero de cal (Mortercal piedra de grupo Puma), i/preparación de piedras, recibido, rejuntado, limpieza y medios auxiliares, s/NTE-EFP-8. Medido el volumen de piedra reconstruido.
A34: 34 | F34: Almenas | G34: 18 | H34: 0.6 | I34: 0.5 | J34: 1 | K34: =PRODUCT(G34:J34) -> 5.4
A35: 35 | F35: Cañoneras | G35: 18 | H35: 0.6 | I35: 0.5 | J35: 0.2 | K35: =PRODUCT(G35:J35) -> 1.08
A36: 36 | B36: 1 | L36: =SUM(K34:K35) -> 6.48
A37: 37 | B37: M | F37: Total Medición........ | K37: =SUM(K34:K36) -> 6.48
A38: 38
A39: 39 | B39: D | C39: 01.06 | D39: R10SE0302 | E39: ud | F39: FIJACIÓN DE ALMENAS CON ANCLAJE INOX. 12mm | L39: =K43 -> 38 | M39: ='Cuadro de Precios'!H382 -> 0 | N39: =(L39*M39) -> 0 | O39: =N39 -> 0 | P39: 38 | Q39: ='Cuadro de Precios'!I382 -> 0 | R39: =PRODUCT(P39:Q39) -> 0 | S39: =(L39-P39) -> 0 | T39: =(M39-Q39) -> 0 | U39: =(O39-R39) -> 0
A40: 40 | B40: T | F40: Fijación de almenas con anclaje ø 12 mm de acero inoxidable, formado por: replanteo y taladrado de piedra ø 14 mm con brocas de rotación con coronas de widia o tungsteno, suministro de varilla inoxidable, de longitud aproximada 0,35 m. y diámetro 12 mm., soplado del agujero para eliminar detritus, impregnado de la varilla con resina epoxi de dos componentes de dosificación epoxi 100/35 tipo Masterflow 920F de Basf o equivalente, e introducción en el taladro, dejando fraguar, incluso cortes, retaceos, medios de elevación y seguridad, retirada de elementos sueltos y limpieza del lugar de trabajo. Medida la unidad ejecutada.
A41: 41 | G41: 38 | K41: =PRODUCT(G41:J41) -> 38
A42: 42 | B42: 1 | L42: =SUM(K41:K41) -> 38
A43: 43 | B43: M | F43: Total Medición........ | K43: =SUM(K41:K42) -> 38
A44: 44
A45: 45 | B45: D | C45: 01.07 | D45: E01DEC050 | E45: m2 | F45: PICADO REVOCO DE MORTERO VERTICALES C/MARTILLO | L45: =K50 -> 23 | M45: ='Cuadro de Precios'!H309 -> 0 | N45: =(L45*M45) -> 0 | O45: =N45 -> 0 | P45: 23 | Q45: ='Cuadro de Precios'!I309 -> 0 | R45: =PRODUCT(P45:Q45) -> 0 | S45: =(L45-P45) -> 0 | T45: =(M45-Q45) -> 0 | U45: =(O45-R45) -> 0
A46: 46 | B46: T | F46: Picado de revoco de mortero de cemento en paramentos verticales, con martillo eléctrico, eliminándolos en su totalidad y dejando la fábrica soporte al descubierto, incluso limpieza y retirada de escombros a pie de carga, transporte al vertedero y con p.p. de medios auxiliares, sin medidas de protección colectivas.
A47: 47 | F47: Recrecido perimetral en terraza | G47: 2 | H47: 10 | J47: 0.5 | K47: =PRODUCT(G47:J47) -> 10
A48: 48 | G48: 2 | H48: 13 | J48: 0.5 | K48: =PRODUCT(G48:J48) -> 13
A49: 49 | B49: 1 | L49: =SUM(K47:K48) -> 23
A50: 50 | B50: M | F50: Total Medición........ | K50: =SUM(K47:K49) -> 23
A51: 51
A52: 52 | B52: D | C52: 01.08 | D52: E01DEA030X3 | E52: m2 | F52: LEVANTADO DE RODAPIÉ Y APLACADOS | L52: =K60 -> 15.05 | M52: ='Cuadro de Precios'!H308 -> 0 | N52: =(L52*M52) -> 0 | O52: =N52 -> 0 | P52: 15.05 | Q52: ='Cuadro de Precios'!I308 -> 0 | R52: =PRODUCT(P52:Q52) -> 0 | S52: =(L52-P52) -> 0 | T52: =(M52-Q52) -> 0 | U52: =(O52-R52) -> 0
A53: 53 | B53: T | F53: Levantado de rodapié y aplacados en caseta de ascensor, recibido con mortero de cemento, picado con martillo eléctrico, incluso limpieza y retirada de escombros a pie de carga, transporte a vertedero o planta de reciclaje y con p.p. de medios auxiliares.
A54: 54 | F54: Perimetral | G54: 2 | H54: 10 | J54: 0.2 | K54: =PRODUCT(G54:J54) -> 4
A55: 55 | G55: 2 | H55: 13 | J55: 0.2 | K55: =PRODUCT(G55:J55) -> 5.2
A56: 56 | F56: Caseta Maquinaria del ascensor | G56: 1 | H56: 4 | J56: 0.85 | K56: =PRODUCT(G56:J56) -> 3.4
A57: 57 | G57: 1 | H57: 1 | I57: 0.85 | K57: =PRODUCT(G57:J57) -> 0.85
A58: 58 | F58: Acceso | G58: 1 | H58: 8 | J58: 0.2 | K58: =PRODUCT(G58:J58) -> 1.6
A59: 59 | B59: 1 | L59: =SUM(K54:K58) -> 15.05
A60: 60 | B60: M | F60: Total Medición........ | K60: =SUM(K54:K59) -> 15.05
A61: 61
A62: 62 | B62: D | C62: 01.09 | D62: E01DPP010 | E62: m2 | F62: DEMOLICIÓN SOLADO PIEDRA C/COMPRESOR | L62: =K66 -> 108 | M62: ='Cuadro de Precios'!H314 -> 0 | N62: =(L62*M62) -> 0 | O62: =N62 -> 0 | P62: 108 | Q62: ='Cuadro de Precios'!I314 -> 0 | R62: =PRODUCT(P62:Q62) -> 0 | S62: =(L62-P62) -> 0 | T62: =(M62-Q62) -> 0 | U62: =(O62-R62) -> 0
A63: 63 | B63: T | F63: Demolición de pavimentos de losas de piedra, recibidos y material de agarre con mortero de cemento. Formado por: levantado mediante compresor y martillo picador , incluso limpieza y retirada de escombros a pie de carga, transporte a vertedero o planta de reciclaje y con p.p. de medios auxiliares.
A64: 64 | F64: Cubierta | G64: 1 | H64: 12 | I64: 9 | K64: =PRODUCT(G64:J64) -> 108
A65: 65 | B65: 1 | L65: =SUM(K64:K64) -> 108
A66: 66 | B66: M | F66: Total Medición........ | K66: =SUM(K64:K65) -> 108
A67: 67
A68: 68 | B68: D | C68: 01.10 | D68: R03Q270 | E68: m2 | F68: DESMONTADO IMPERMEABILIZACIÓN ADHERIDA | L68: =K72 -> 108 | M68: ='Cuadro de Precios'!H367 -> 0 | N68: =(L68*M68) -> 0 | O68: =N68 -> 0 | P68: 108 | Q68: ='Cuadro de Precios'!I367 -> 0 | R68: =PRODUCT(P68:Q68) -> 0 | S68: =(L68-P68) -> 0 | T68: =(M68-Q68) -> 0 | U68: =(O68-R68) -> 0
A69: 69 | B69: T | F69: Desmontado de impermeabilización de cubierta, mediante levantado de láminas adheridas y retirada de escombros, medios de seguridad, de elevación, carga, descarga y limpieza del lugar de trabajo.
A70: 70 | F70: Cubierta | G70: 1 | H70: 12 | I70: 9 | K70: =PRODUCT(G70:J70) -> 108
A71: 71 | B71: 1 | L71: =SUM(K70:K70) -> 108
A72: 72 | B72: M | F72: Total Medición........ | K72: =SUM(K70:K71) -> 108
A73: 73
A74: 74 | B74: D | C74: 01.11 | D74: R03Q250 | E74: m2 | F74: PICADO FORMACIÓN PENDIENTES H.LIGERO | L74: =K78 -> 108 | M74: ='Cuadro de Precios'!H366 -> 0 | N74: =(L74*M74) -> 0 | O74: =N74 -> 0 | P74: 108 | Q74: ='Cuadro de Precios'!I366 -> 0 | R74: =PRODUCT(P74:Q74) -> 0 | S74: =(L74-P74) -> 0 | T74: =(M74-Q74) -> 0 | U74: =(O74-R74) -> 0
A75: 75 | B75: T | F75: Picado de mortero ligero de formación de pendientes sobre el forjado de la cubierta, incluso parte proporcional de tabiquillos-guía y limas etc. y retirada de escombros, incluso regado, para evitar la formación de polvo, medios de seguridad, de elevación, carga, descarga y limpieza del lugar de trabajo.
A76: 76 | F76: Cubierta | G76: 1 | H76: 12 | I76: 9 | K76: =PRODUCT(G76:J76) -> 108
A77: 77 | B77: 1 | L77: =SUM(K76:K76) -> 108
A78: 78 | B78: M | F78: Total Medición........ | K78: =SUM(K76:K77) -> 108
A79: 79
A80: 80 | B80: D | C80: 01.12 | D80: R03IS050 | E80: u | F80: LEVANTADO SUMIDERO | L80: =K84 -> 2 | M80: ='Cuadro de Precios'!H365 -> 0 | N80: =(L80*M80) -> 0 | O80: =N80 -> 0 | P80: 2 | Q80: ='Cuadro de Precios'!I365 -> 0 | R80: =PRODUCT(P80:Q80) -> 0 | S80: =(L80-P80) -> 0 | T80: =(M80-Q80) -> 0 | U80: =(O80-R80) -> 0
A81: 81 | B81: T | F81: Levantado de sumidero en cubiertay rellenos de hueco en forjado, incluso retirada de escombros, carga, transporte a vertedero o planta de reciclaje.
A82: 82 | F82: Cubierta | G82: 2 | K82: =PRODUCT(G82:J82) -> 2
A83: 83 | B83: 1 | L83: =SUM(K82:K82) -> 2
A84: 84 | B84: M | F84: Total Medición........ | K84: =SUM(K82:K83) -> 2
A85: 85
A86: 86 | B86: D | C86: 01.13 | D86: R03IS020 | E86: m | F86: LEVANTADO BAJANTE CON RECUPERACIÓN | L86: =K90 -> 36 | M86: ='Cuadro de Precios'!H364 -> 0 | N86: =(L86*M86) -> 0 | O86: =N86 -> 0 | P86: 36 | Q86: ='Cuadro de Precios'!I364 -> 0 | R86: =PRODUCT(P86:Q86) -> 0 | S86: =(L86-P86) -> 0 | T86: =(M86-Q86) -> 0 | U86: =(O86-R86) -> 0
A87: 87 | B87: T | F87: Levantado de bajante, incluso retirada de escombros y carga sobre camión, para posterior transporte a vertedero o planta de reciclaje.
A88: 88 | G88: 36 | K88: =PRODUCT(G88:J88) -> 36
A89: 89 | B89: 1 | L89: =SUM(K88:K88) -> 36
A90: 90 | B90: M | F90: Total Medición........ | K90: =SUM(K88:K89) -> 36
A91: 91
A92: 92 | B92: D | C92: 01.14 | D92: E10IAW170 | E92: u | F92: IMPERMEABILIZACIÓN ZONA SUMIDERO | L92: =K96 -> 3 | M92: ='Cuadro de Precios'!H337 -> 0 | N92: =(L92*M92) -> 0 | O92: =N92 -> 0 | P92: 3 | Q92: ='Cuadro de Precios'!I337 -> 0 | R92: =PRODUCT(P92:Q92) -> 0 | S92: =(L92-P92) -> 0 | T92: =(M92-Q92) -> 0 | U92: =(O92-R92) -> 0
A93: 93 | B93: T | F93: Impermeabilización de desagüe, constituida por: refuerzo con lámina asfáltica de betún elastómero SBS Esterdan 30 P Elast (superficie aproximada de 1x1 m.) totalmente adherida al soporte con soplete, previa imprimación asfáltica, Curidan; incluso colocación de cazoleta para desagüe de EPDM, sifónica, de 90 mm. de diámetro, tipo Danosa.
A94: 94 | F94: Cubierta | G94: 3 | K94: =PRODUCT(G94:J94) -> 3
A95: 95 | B95: 1 | L95: =SUM(K94:K94) -> 3
A96: 96 | B96: M | F96: Total Medición........ | K96: =SUM(K94:K95) -> 3
A97: 97
A98: 98 | B98: D | C98: 01.15 | D98: E03EUP0402 | E98: u | F98: SUMIDERO SIFÓNICO PVC C/REJILLA PVC 300x300 SI 90-110 | L98: =K102 -> 3 | M98: ='Cuadro de Precios'!H321 -> 0 | N98: =(L98*M98) -> 0 | O98: =N98 -> 0 | P98: 3 | Q98: ='Cuadro de Precios'!I321 -> 0 | R98: =PRODUCT(P98:Q98) -> 0 | S98: =(L98-P98) -> 0 | T98: =(M98-Q98) -> 0 | U98: =(O98-R98) -> 0
A99: 99 | B99: T | F99: Sumidero sifónico de PVC con rejilla de PVC de 300x300 mm y con salida integrada de 90-110 mm; para recogida de aguas pluviales, instalado y conexionado a la red general de desagüe, incluso taladro practicado mediante máquina de perforación a rotación refrigerada por agua, incluso con p.p. de pequeño material de agarre y medios auxiliares, y sin incluir arqueta de apoyo, s/ CTE-HS-5.
A100: 100 | F100: Cubierta | G100: 3 | K100: =PRODUCT(G100:J100) -> 3
...
